 Dungeon Crawl Stone Soup version 0.28-a0-247-gb8bfbab023 (webtiles) character file.

Game seed: 11587830755197111428

22 gruber the Sneak (level 2, -7/26 HPs)
             Began as a Gnoll Wanderer on Aug 25, 2021.
             Was a Follower of Qazlal.
             Mangled by Terence (10 damage)
             ... on level 2 of the Dungeon.
             The game lasted 00:00:59 (909 turns).

gruber the Sneak (Gnoll Wanderer)                    Turns: 909, Time: 00:00:59

Health: -7/26      AC:  3    Str: 11    XL:     2   Next: 91%
Magic:  2/2        EV: 11    Int: 12    God:    Qazlal [*.....]
Gold:   35         SH:  1    Dex: 10    Spells: 2/2 levels left

rFire   . . .      SeeInvis .   a - +2 spear
rCold   . . .      Faith    .   (no shield)
rNeg    . . .      Spirit   .   c - +0 robe
rPois   .          Reflect  .   (no helmet)
rElec   .          Harm     .   (no cloak)
rCorr   .          Rampage  .   (no gloves)
Will    .....                   d - +0 pair of boots
Stlth   +++.......              (no amulet)
HPRegen 0.08/turn               (no ring)
MPRegen 0.08/turn               (no ring)

@: no status effects
A: fangs 1, strong nose, distributed training
a: Renounce Religion


You were on level 2 of the Dungeon.
You worshipped Qazlal.
Qazlal was aware of your devotion.
You visited 1 branch of the dungeon, and saw 2 of its levels.

You collected 35 gold pieces.

Inventory:

Hand Weapons
 a - a +2 spear (weapon)
Armour
 c - a +0 robe (worn)
 d - a +0 pair of boots (worn)
Scrolls
 f - a scroll of amnesia {unknown}
 g - a scroll of brand weapon {unknown}
Potions
 b - 3 potions of curing
 e - a potion of haste {unknown}
 h - a potion of magic {unknown}


   Skills:
 + Level 4.5 Fighting
 + Level 0.5 Short Blades
 + Level 0.5 Long Blades
 + Level 0.5 Axes
 + Level 0.5 Maces & Flails
 + Level 0.5 Polearms
 + Level 0.5 Staves
 + Level 0.5 Slings
 + Level 0.5 Bows
 + Level 0.5 Crossbows
 + Level 0.5 Throwing
 + Level 4.5 Armour
 + Level 0.5 Dodging
 + Level 7.7 Stealth
 + Level 4.5 Shields
 + Level 0.5 Unarmed Combat
 + Level 0.5 Spellcasting
 + Level 0.4 Conjurations
 + Level 0.4 Hexes
 + Level 0.4 Summonings
 + Level 0.4 Necromancy
 + Level 0.4 Translocations
 + Level 0.4 Transmutations
 + Level 0.4 Fire Magic
 + Level 0.4 Ice Magic
 + Level 0.4 Air Magic
 + Level 0.4 Earth Magic
 + Level 0.4 Poison Magic
 + Level 0.7 Invocations
 + Level 0.5 Evocations


You had 2 spell levels left.
You didn't know any spells.
Your spell library was empty.

Dungeon Overview and Level Annotations

Branches:
Dungeon (2/15)

Altars:
Qazlal

Annotations:
D:2 Terence


Innate Abilities, Weirdness & Mutations

You have very sharp teeth.
Your uncanny sense of smell can sniff out nearby items.
Your experience applies equally to all skills.


Message History

A dart slug is nearby!
You reach to attack!
You hit the dart slug.
You kill the dart slug!
Qazlal accepts your kill.
h - a viscous red potion No target in view!
You see here a +0 hunting sling.
Key pressed, stopping explore.
No target in view!
No target in view!
No target in view!
Terence the Incautious comes into view.
He is wielding a +2 vorpal mace.
Terence shouts!
Terence is nearby!
Terence is nearby!
A ball python comes into view.
The ball python moves out of view.
You reach to attack!
You hit Terence but do no damage.
Unknown command.
You hit Terence but do no damage. Terence hits you with a +2 vorpal mace!
Terence is nearby!
You are too injured to fight recklessly!
You are too injured to fight recklessly!
Unknown command.
You are too injured to fight recklessly!
Unknown command.
You see here a +0 hunting sling.
Really walk into that dispersal trap?
You enter a dispersal trap!
Terence blinks! x2; You blink.
A bat comes into view.
The bat moves out of view.
A goblin comes into view. It is wielding a +0 dagger.
No target in view!
No target in view!
Terence hits you with a +2 vorpal mace!
* * * LOW HITPOINT WARNING * * *
x2 You are too injured to fight recklessly!
You are too injured to fight recklessly!
Terence hits you with a +2 vorpal mace!
You die...

##+## ∆ ....#####
######.### ........#
#.@....... .....##.#
#@###.###. .....##.#
#.# .....##.# #.# ###
##.#.##.# #.###....
#.#.##.# #......##
#.#.##.#######........
#.#...^.@.............
#.####.##########.g...


You could see Terence.

Vanquished Creatures
  A dart slug (D:2)
  An endoplasm (D:1)
  A giant cockroach (D:1)
  4 goblins (D:1)
  4 hobgoblins (D:1)
  A quokka (D:1)
  A bat (D:1)
  A frilled lizard (D:2)
  4 rats
18 creatures vanquished.

Notes
Turn   | Place    | Note
-------+----------+-------------------------------------------
     0 | D:1      | gruber the Gnoll Wanderer began the quest for the Orb.
     0 | D:1      | gruber set off with the following items: a +2 spear, 2
                  | potions of curing, a +0 robe, a +0 dagger
     0 | D:1      | Reached XP level 1. HP: 20/20 MP: 1/1
   228 | D:1      | Reached XP level 2. HP: 26/26 MP: 2/2
   342 | D:1      | Found a faded altar of an unknown god.
   352 | D:1      | Became a worshipper of Qazlal Stormbringer
   352 | D:1      | Reached * piety under Qazlal
   868 | D:2      | Noticed Terence
   909 | D:2      | Mangled by Terence

Illustrated notes

Levels and vault maps discovered:
D:1:      evilmike_arrival_crescent, layout_basic,
          hellmonk_ecumenical_altar_run_dry, serial_bayou_lagoon_b
D:2:      layout_basic, minmay_lizard_pond, uniq_terence

Action                   || total
-------------------------++-------
Melee: Spear             ||    47
 Stab: Sleeping          ||     6
Armor: Robe              ||     7
Dodge: Dodged            ||    12

Table legend: (Time is in decaauts)
 A = Elapsed time spent in this place.
 B = Non-inter-level travel time spent in this place.
 C = Inter-level travel time spent in this place.
 D = Time resting spent in this place.
 E = Time spent auto-exploring this place.
 F = Levels seen in this place.
 G = Mean time per level.
                   A        B        C        D        E       F      G
               +--------+--------+--------+--------+--------+-----+--------+
         Total |    943 |    929 |     14 |      0 |    750 |   2 |  471.5 |
       Dungeon |    943 |    929 |     14 |      0 |    750 |   2 |  471.5 |
               +--------+--------+--------+--------+--------+-----+--------+

Top non-repeatable levels by time:
     D:1: 804 daAuts
     D:2: 139 daAuts
